 Dungeon Crawl Stone Soup version 0.23-a0-642-g3120c2f5a9 (webtiles) character file.

114 CheiIsBae the Changer (level 4, -1/35 HPs)
             Began as a Draconian Transmuter on Dec 31, 2018.
             Killed from afar by a white imp (6 damage)
             ... with a puff of frost
             ... summoned by Natasha
             ... on level 2 of the Dungeon.
             The game lasted 00:02:55 (2607 turns).

CheiIsBae the Changer (Draconian Transmuter)        Turns: 2607, Time: 00:02:55

Health: -1/35      AC:  5    Str: 12    XL:     4   Next: 66%
Magic:  0/7        EV: 12    Int: 15    God:
Gold:   63         SH:  0    Dex: 11    Spells: 4/7 levels left

rFire    . . .     SeeInvis .     - Unarmed
rCold    . . .     Gourm    .   (no shield)
rNeg     . . .     Faith    .   (armour unavailable)
rPois    .         Spirit   .   (helmet restricted)
rElec    .         Reflect  .   (no cloak)
rCorr    .         Harm     .   (no gloves)
MR       .....                  (no boots)
Stlth    +.........             (no amulet)
HPRegen  0.11/turn              (no ring)
MPRegen  0.10/turn              (no ring)

@: very slightly contaminated, slowed, very slow
A: unfitting armour, cold-blooded, AC +5
a: no special abilities


You were on level 2 of the Dungeon.
You were not hungry.

You visited 1 branch of the dungeon, and saw 2 of its levels.

You collected 63 gold pieces.

Inventory:

Missiles
 a - 7 arrows
Jewellery
 f - an uncursed amulet of rage {unknown}
Scrolls
 e - a scroll of random uselessness {unknown}
 g - a scroll of enchant weapon {unknown}
 h - 3 scrolls of immolation {unknown}
 i - a scroll of teleportation {unknown}
 j - a scroll of amnesia {unknown}
 k - a scroll of noise {unknown}
 m - a scroll of magic mapping {unknown}
Potions
 d - a potion of mutation {unknown}
 l - a potion of curing
 n - a potion of ambrosia {unknown}
 o - a potion of haste {unknown}
Comestibles
 c - 6 rations


   Skills:
 - Level 1.1 Fighting
 - Level 1.7 Dodging
 - Level 3.0 Unarmed Combat
 - Level 2.0 Spellcasting
 * Level 5.0 Transmutations


You had 4 spell levels left.
You knew the following spells:

 Your Spells              Type           Power        Failure   Level  Hunger
a - Beastly Appendage     Tmut           ###...       2%          1    #......
b - Sticks to Snakes      Tmut           ###.....     4%          2    ###....

Your spell library contained the following spells:

 Spells                   Type           Power        Failure   Level  Hunger
 Animate Skeleton         Necr           N/A          22%         1    #......
 Apportation              Tloc           #.....       22%         1    #......
 Confusing Touch          Hex            #.....       22%         1    #......
 Summon Small Mammal      Summ           #...         22%         1    #......
 Spider Form              Tmut/Pois      #.........   24%         3    ###....
 Ice Form                 Ice/Tmut       #.......     61%         4    #####..
 Blade Hands              Tmut           ###.......   61%         5    ######.


Dungeon Overview and Level Annotations

Branches:
Dungeon (2/15)

Altars:

Annotations:
D:2 Natasha


Innate Abilities, Weirdness & Mutations

Your plain brown scales are hard. (AC +5)
You cannot fit into any form of body armour.
You are cold-blooded and may be slowed by cold attacks.


Message History

The white imp disappears for a moment.
The crimson imp picks up a beetle and eats it.
Your horns disappear.
The iron imp disappears in a puff of smoke!
The crimson imp blinks!
Casting: Beastly Appendage (safe; 2% risk of failure)
Confirm with . or Enter, or press ? or * to list all spells.
You don't have enough magic to cast that spell.
Casting: Beastly Appendage (safe; 2% risk of failure)
Confirm with . or Enter, or press ? or * to list all spells.
You don't have enough magic to cast that spell.
Casting: Beastly Appendage (safe; 2% risk of failure)
Confirm with . or Enter, or press ? or * to list all spells.
You create a snake!
You now have 7 arrows.
The white imp gestures at you. The puff of frost hits you!
* * * LOW HITPOINT WARNING * * *
Natasha mumbles some strange words.
The white imp gestures at you. The puff of frost hits you!
You die...

#.....>...(....#
#...........####
#..........##
#..........#######
#.................
##........########
##........##
#..........#############
#............5h5@S......
#..........#############
#.......>..#
#<.........#
##........## ##......##
########


You could see Natasha, a white imp, a shadow imp and a friendly ball python.

Vanquished Creatures
  Natasha (D:2)
  2 adders (D:2)
  An ooze (D:2)
  A worm (D:2)
  A dart slug (D:2)
  4 leopard geckos
  5 bats
  5 giant cockroaches
  4 hobgoblins
  A quokka (D:2)
  A ball python (D:1)
  2 frilled lizards (D:1)
  3 goblins (D:1)
  6 kobolds
  5 rats
42 creatures vanquished.

Vanquished Creatures (collateral kills)
  Natasha (D:2)
  A ball python (D:2)
2 creatures vanquished.

Grand Total: 44 creatures vanquished

Notes
Turn   | Place    | Note
-------+----------+-------------------------------------------
     0 | D:1      | CheiIsBae the Draconian Transmuter began the quest for the
                  | Orb.
     0 | D:1      | Reached XP level 1. HP: 16/16 MP: 3/3
   472 | D:1      | Reached XP level 2. HP: 23/23 MP: 3/5
   648 | D:1      | Reached skill level 3 in Transmutations
   872 | D:1      | Learned a level 2 spell: Sticks to Snakes
  1432 | D:2      | Reached XP level 3. HP: 28/28 MP: 4/6
  1626 | D:2      | Reached skill level 4 in Transmutations
  1761 | D:2      | Noticed Natasha
  1779 | D:2      | Killed Natasha
  1779 | D:2      | Reached XP level 4. HP: 7/35 MP: 2/7
  2494 | D:2      | Noticed Natasha
  2511 | D:2      | Killed Natasha
  2511 | D:2      | Reached skill level 5 in Transmutations
  2591 | D:2      | Noticed Natasha
  2607 | D:2      | Killed from afar by a white imp

Vault maps used:
D:1:      lightli_arrival_lavapool
D:2:      first_ration, minmay_pentomino_x4, uniq_natasha

Skill      XL: |  1  2  3  4 |
---------------+-------------+-----
Transmutations | 3 4 5 |  5.0
Fighting       | |  1.1
Dodging        | |  1.7
Unarmed Combat | |  3.0
Spellcasting   | |  2.0

Action                   |  1- 3 |  4- 6 || total
-------------------------+-------+-------++-------
Melee: Unarmed           |   115 |    36 ||   151
       Tailslap          |     9 |     2 ||    11
       Kick              |     8 |     4 ||    12
       Punch             |     1 |       ||     1
       Headbutt          |     4 |       ||     4
Throw: Throwing net      |     1 |     1 ||     2
 Cast: Beastly Appendage |    18 |     3 ||    21
       Sticks to Snakes  |     2 |     3 ||     5
  Use: Potion            |       |     1 ||     1
 Stab: Held in net/web   |     1 |       ||     1
  Eat: Chunk             |     3 |     1 ||     4
       Ration            |       |     1 ||     1
Armor: Skin              |    34 |    10 ||    44
Dodge: Dodged            |    69 |    21 ||    90

Table legend:
 A = Non-vault XP
 B = Vault XP
 C = Vault XP percentage of total XP
 D = Non-vault monster count
 E = Vault monster count
 F = Vault count percentage of total count
                 A         B        C        D         E       F
            +---------+---------+-------+---------+---------+-------
      Total |     141 |      22 |  13.5 |      43 |       1 |   2.3
            +---------+---------+-------+---------+---------+-------
        D:1 |      39 |       0 |   0.0 |      23 |       0 |   0.0
        D:2 |     102 |      22 |  17.7 |      20 |       1 |   4.8
            +---------+---------+-------+---------+---------+-------
